Map: Eternal Empire LE

Players

Grace

  • Race: Terran Terran
  • League: Master
  • Spawn Location: 1:00

CNInFerenCE - Winner!

  • Race: Protoss Protoss
  • League: Master
  • Spawn Location: 7:00

VOD

Have the link to the VOD?

Description

Time

  • Played on: April 8, 2020, 8:40 p.m.
  • Length: 14:41
Show
View Real Time Build Order
Export as new Build Order

Grace Terran 

Build Orders: Reaper Expand 

Get SALT Encoding   

  12  0:00  SCV  
  13  0:13  SCV  
  14  0:17  Supply Depot  
  14  0:25  SCV  
  15  0:39  SCV  
  15  0:40  Barracks  
  16  0:44  Refinery  
  16  0:51  SCV  
  17  1:03  SCV  
  18  1:15  SCV  
  19  1:29  Reaper  
  19  1:30  Orbital Command  
  20  1:44  Command Center  
  20  1:56  SCV  
  20  1:59  Supply Depot  
  21  2:01  Marine  
  22  2:12  Factory  
  22  2:14  SCV  
  23  2:21  Refinery  
  23  2:23  Barracks Reactor  
  23  2:26  SCV  
  24  2:38  SCV  
  25  2:51  SCV  
  25  2:55  Armory  
  25  2:59  Orbital Command  
  25  3:02  Bunker, Marine  
  25  3:03  SCV, Marine  
  28  3:09  Hellion  
  30  3:15  SCV  
  31  3:22  Supply Depot  
  31  3:23  Marine x2  
  31  3:26  SCV  
  34  3:29  SCV  
  35  3:34  Factory Tech Lab  
  35  3:38  SCV  
  36  3:48  SCV  
  37  3:49  Starport  
  37  3:50  Marine x2  
  37  3:54  Siege Tank  
  42  3:59  SCV  
  42  4:00  SCV  
  42  4:11  SCV  
  42  4:12  SCV  
  42  4:13  Supply Depot  
  42  4:14  Marine x2  
  46  4:24  Command Center  
  46  4:25  SCV  
  46  4:27  SCV  
  46  4:30  Starport Tech Lab  
  48  4:34  Siege Tank  
  48  4:38  SCV  
  52  4:41  Supply Depot, Marine  
  52  4:42  Marine  
  54  4:48  SCV  
  54  4:49  Raven  
  54  4:50  SCV  
  58  5:03  SCV x2  
  60  5:07  Barracks  
  60  5:10  Barracks  
  60  5:15  SCV x2  
  60  5:18  Supply Depot  
  60  5:19  Stimpack, Marine  
  63  5:21  Factory Reactor  
  63  5:25  Supply Depot  
  63  5:26  Refinery x2  
  63  5:27  SCV  
  63  5:28  SCV  
  65  5:39  SCV  
  65  5:41  Orbital Command  
  66  5:45  Starport Reactor, Marine  
  66  5:46  SCV  
  68  5:53  SCV  
  68  5:54  Engineering Bay x2  
  68  5:59  SCV  
  69  6:05  Marauder  
  69  6:07  SCV x2  
  69  6:10  Barracks  
  73  6:14  Combat Shield, Marauder, Barracks  
  73  6:16  Marine x2  
  77  6:19  Widow Mine x2  
  77  6:23  Supply Depot  
  81  6:32  Marauder  
  83  6:34  Marine x2  
  83  6:36  Medivac x2  
  83  6:37  Terran Infantry Weapons Level 1  
  83  6:38  Terran Infantry Armor Level 1  
  89  6:40  Orbital Command  
  89  6:51  Marauder, Marine  
  89  6:52  Marine, Widow Mine x2  
  89  6:53  Missile Turret  
  97  6:57  SCV  
  97  6:58  SCV  
  97  7:00  Supply Depot  
  99  7:06  SCV  
  95  7:10  SCV x2  
  97  7:16  Marauder, Marine x2  
  97  7:17  Barracks Tech Lab  
  97  7:18  SCV, Barracks Tech Lab  
  97  7:19  Marauder  
  97  7:22  SCV x2  
  106  7:31  SCV  
  106  7:34  SCV x2, Marine  
  108  7:37  Supply Depot x2  
  108  7:39  Marauder, Marine x2  
  108  7:43  SCV  
  113  7:46  SCV  
  105  7:52  SCV  
  105  7:55  SCV, Starport  
  107  8:02  Command Center  
  107  8:03  Viking  
  109  8:07  Marine x3  
  109  8:08  Marauder  
  114  8:14  Medivac  
  114  8:16  Marauder, Marine  
  119  8:21  Armory  
  119  8:25  SCV x2, Marine  
  122  8:29  Refinery  
  122  8:30  Refinery  
  122  8:33  Fusion Core  
  122  8:34  Terran Infantry Armor Level 2, Terran Infantry Weapons Level 2  
  122  8:41  Supply Depot, Marine  
  122  8:42  Supply Depot  
  122  8:44  Marine  
  122  8:45  Supply Depot, Marauder, Marine  
  127  8:49  Marauder, Marine  
  127  8:50  Concussive Shells  
  128  8:59  Marine  
  128  9:02  Marine  
  120  9:03  Marauder  
  120  9:06  Marine  
  120  9:07  Marauder  
  122  9:22  Supply Depot  
  122  9:23  Supply Depot  
  122  9:24  Command Center  
  122  9:27  Advanced Ballistics  
  122  9:43  Medivac x2, Marine x2  
  122  9:44  Medivac, Marine x3  
  122  9:45  Marauder  
  132  9:55  Ghost Academy  
  132  10:01  Supply Depot  
  132  10:02  Marine  
  132  10:03  Supply Depot  
  132  10:04  Supply Depot  
  133  10:08  Missile Turret  
  133  10:23  Marauder, Liberator x2  
  133  10:24  Marine x3, Liberator  
  133  10:25  Marauder, Liberator  
  133  10:26  Marauder  
  153  10:41  Sensor Tower  
  153  10:42  Marine x2  
  156  10:43  Marauder  
  156  10:46  Marine  
  117  11:00  Marine x2  
  108  11:04  Marauder  
  108  11:05  Liberator  
  103  11:13  Unknown, Marauder  
  103  11:14  Unknown, Marine  
  103  11:17  Marine  
  103  11:18  Marine  
  92  11:22  Liberator  
  81  11:25  Marauder  
  81  11:32  Marine  
  76  11:33  Unknown, Marauder  
  76  11:34  Marine  
  76  11:35  Marine x2  
  79  11:44  Liberator  
  84  11:47  Marauder  
  84  11:50  Marine  
  84  11:52  Marauder, Liberator  
  84  11:53  Marine x2  
  92  11:54  Marine  
  92  11:58  Orbital Command  
  93  12:07  Liberator  
  93  12:08  Marine x2  
  96  12:11  Marine x2  
  96  12:12  Marauder  
  96  12:14  Marauder  
  102  12:18  SCV  
  103  12:25  Marine  
  103  12:26  Marauder  
  103  12:28  SCV x2  
  103  12:29  Marine x2  
  110  12:33  Liberator  
  110  12:34  Marauder  
  110  12:35  Marine  
  116  12:44  Marauder  
  118  12:46  Marine  
  118  12:47  Marine  
  119  12:52  Marine  
  119  12:55  Marine  
  104  13:08  Liberator  
  104  13:11  SCV x3  
  102  13:16  Command Center, Marine x2  
  102  13:17  Unknown, Marauder  
  104  13:22  Marine  
  104  13:23  SCV x2  
  107  13:34  Marine x2  
  107  13:40  Marine  
  104  13:42  Unknown, Marine  
  105  13:49  Planetary Fortress  
  105  13:50  Unknown, Marine  
  105  13:52  Marine x2  
  108  13:57  Marine  
  108  14:00  Marine  
  112  14:06  Unknown  
  112  14:07  Marauder  
  112  14:08  Marine  
  100  14:10  Marine x2  
  100  14:16  Marauder  
Show
View Real Time Build Order
Export as new Build Order

CNInFerenCE Protoss - Winner!

Build Orders: 1 Gate Expand, Blink Stalkers 

Get SALT Encoding   

  12  0:00  Probe  
  13  0:13  Probe  
  14  0:20  Pylon  
  14  0:25  Probe  
  15  0:38  Probe (Chrono Boost)  
  15  0:41  Gateway  
  16  0:48  Probe (Chrono Boost)  
  17  0:51  Assimilator  
  17  0:53  Probe (Chrono Boost)  
  18  1:04  Probe  
  19  1:24  Nexus  
  19  1:26  Probe  
  20  1:37  Cybernetics Core  
  20  1:39  Probe  
  21  1:47  Pylon  
  21  1:51  Assimilator  
  21  1:57  Probe  
  22  2:09  Probe  
  22  2:10  Stalker (Chrono Boost)  
  22  2:13  Warp Gate  
  25  2:21  Probe  
  26  2:32  Stalker (Chrono Boost), Gateway  
  28  2:42  Probe x2  
  30  2:54  Probe  
  31  2:58  Twilight Council  
  31  3:00  Stalker (Chrono Boost)  
  31  3:03  Probe (Chrono Boost)  
  34  3:06  Probe (Chrono Boost)  
  35  3:15  Probe (Chrono Boost)  
  35  3:17  Pylon  
  35  3:18  Probe (Chrono Boost)  
  37  3:21  Probe (Chrono Boost)  
  37  3:24  Assimilator  
  37  3:26  Probe, Stalker  
  40  3:32  Blink (Chrono Boost)  
  40  3:33  Probe  
  42  3:41  Probe  
  42  3:45  Probe  
  44  3:53  Probe  
  44  3:55  Robotics Facility  
  45  3:56  Gateway  
  45  3:57  Probe  
  46  4:03  Stalker  
  48  4:13  Probe  
  48  4:14  Stalker  
  51  4:17  Pylon x2  
  51  4:18  Probe  
  51  4:22  Assimilator  
  52  4:27  Probe  
  53  4:31  Gateway  
  53  4:35  Stalker  
  56  4:38  Probe  
  56  4:39  Pylon  
  56  4:42  Stalker  
  56  4:45  Observer  
  59  4:46  Probe  
  59  4:50  Probe  
  61  4:53  Stalker  
  63  5:00  Stalker  
  63  5:02  Probe  
  63  5:03  Probe  
  67  5:08  Warp Prism  
  67  5:12  Robotics Bay  
  69  5:15  Stalker  
  69  5:18  Stalker  
  73  5:24  Charge  
  73  5:27  Probe  
  74  5:32  Pylon  
  74  5:58  Disruptor (Chrono Boost)  
  74  6:04  Gravitic Drive  
  77  6:12  Gateway  
  77  6:13  Gateway, Nexus  
  77  6:14  Forge  
  77  6:15  Pylon, Gateway  
  77  6:19  Forge  
  77  6:21  Probe x2  
  79  6:26  Zealot x2  
  79  6:27  Zealot  
  79  6:32  Disruptor (Chrono Boost)  
  85  6:39  Pylon  
  88  6:45  Protoss Ground Weapons Level 1 (Chrono Boost)  
  88  6:48  Protoss Ground Armor Level 1 (Chrono Boost)  
  88  6:52  Probe x2  
  90  7:00  Disruptor (Chrono Boost)  
  93  7:08  Zealot x2  
  93  7:09  Zealot x2  
  101  7:26  Pylon x2  
  101  7:34  Disruptor  
  104  7:37  Zealot  
  104  7:38  Zealot x5  
  112  7:54  Stalker  
  112  7:55  Probe x2  
  112  7:56  Probe  
  117  8:06  Disruptor (Chrono Boost)  
  117  8:07  Probe x2  
  117  8:09  Probe  
  118  8:16  Stalker x4  
  118  8:19  Probe  
  127  8:20  Pylon  
  127  8:21  Assimilator  
  127  8:22  Probe  
  127  8:23  Assimilator  
  127  8:25  Zealot  
  127  8:26  Zealot  
  132  8:36  Warp Prism (Chrono Boost)  
  132  8:40  Pylon  
  134  8:41  Pylon, Templar Archives  
  134  8:45  Protoss Ground Weapons Level 2 (Chrono Boost), Protoss Ground Armor Level 2 (Chrono Boost)  
  134  8:50  Probe x3  
  125  9:04  Disruptor  
  125  9:07  Stalker x5  
  125  9:08  Stalker x2  
  130  9:13  Probe x3  
  128  9:25  Probe x3  
  131  9:33  Stalker  
  131  9:34  Stalker x2  
  131  9:37  Probe x3  
  139  9:40  Observer  
  135  9:49  Probe x2  
  135  9:51  Disruptor (Chrono Boost)  
  132  9:57  Probe  
  132  9:59  Zealot  
  138  10:00  Zealot x5  
  138  10:01  Probe x2  
  138  10:05  Zealot  
  152  10:20  Stalker x3  
  157  10:39  Pylon  
  157  10:40  Pylon  
  157  10:42  Pylon  
  111  11:05  Zealot x7  
  111  11:07  Disruptor  
  110  11:34  Protoss Ground Armor Level 3 (Chrono Boost), Protoss Ground Weapons Level 3 (Chrono Boost)  
  110  11:37  Stalker x4  
  114  11:41  Disruptor  
  114  11:44  Gateway  
  114  11:46  Gateway  
  117  11:47  Pylon  
  117  11:48  Pylon  
  117  11:49  Gateway  
  117  11:51  Gateway  
  117  11:58  Nexus  
  117  12:02  Pylon  
  117  12:06  Zealot  
  117  12:07  Zealot x6  
  117  12:08  Disruptor  
  117  12:22  Probe x2  
  122  12:23  Probe, Gateway x2  
  123  12:31  High Templar  
  123  12:32  High Templar x4  
  123  12:34  Probe x2, Zealot  
  123  12:35  Archon  
  123  12:36  Probe, Archon  
  138  12:37  High Templar  
  135  12:49  Archon  
  135  12:50  Zealot x4  
  125  13:11  Stalker x6  
  131  13:19  Stalker x2  
  135  13:22  Probe x2  
  135  13:23  Probe  
  135  13:26  Probe  
  139  13:28  Stalker  
  127  13:44  High Templar x3  
  127  13:45  Stalker, High Templar  
  127  13:46  Zealot x2  
  127  13:48  Probe x2  
  143  13:59  Stalker x2, Archon x2  
  143  14:00  Probe x3  
  151  14:02  Probe  
  132  14:22  Zealot x7  
  132  14:23  Probe  
  141  14:27  Probe x2  
Tags
 
Add a new tag
Caveats
  • Supply blocks, unpowered buildings, or Contaminate may cause inaccurate times.
  • Supply counts are checked every 10 seconds.